 Dungeon Sprint DCSS version 0.30.1-9-gdf580d7c3d (webtiles) character file.

Game seed: 14335902314404056706

374 Heoruswealwe the Spear-Bearer (level 6, -2/63 HPs)
             Began as a Minotaur Fighter on Oct 12, 2023.
             Was an Initiate of Gozag.
             Slain by a centaur (4 damage)
             ... in the Dungeon (Sprint IX: "|||||||||||||||||||||||||||||").
             The game lasted 00:01:13 (130 turns).

Heoruswealwe the Spear-Bearer (Minotaur Fighter)     Turns: 130, Time: 00:01:14

Health: -2/63      AC:  8    Str: 22    XL:     6   Next: 43%
Magic:  5/5        EV:  9    Int:  5    God:    Gozag
Gold:   0          SH:  4    Dex: 10    Spells: 5/5 levels left

rFire   . . .        a - +0 trident
rCold   . . .        d - +0 buckler
rNeg    . . .        c - +0 scale mail
rPois   .            (helmet restricted)
rElec   .            (no cloak)
rCorr   .            (no gloves)
SInv    .            (no boots)
Will    .....        (no amulet) Stlth
                     (no ring)
HPRegen 0.30/turn    (no ring)
MPRegen 0.09/turn

%: no teleportation
@: gold aura, slowed, very slow
A: horns 2, retaliatory headbutt
a: Renounce Religion, Potion Petition, Call Merchant, Bribe Branch


You were in the Dungeon.
You worshipped Gozag.
Gozag was noncommittal.
You visited 1 branch

Inventory:

Hand Weapons
 a - a +0 trident (weapon)
Armour
 c - a +0 scale mail (worn)
 d - a +0 buckler (worn)
Jewellery
 k - a +2 ring of protection
 l - a +3 ring of dexterity
Wands
 h - a wand of quicksilver (10)
Scrolls
 j - 2 scrolls of blinking
Potions
 b - a potion of might
 e - 5 potions of curing
 f - 3 potions of heal wounds
 g - a potion of haste
 i - a potion of berserk rage


   Skills:
 + Level 9.1 Fighting
 * Level 11.9 Polearms
 + Level 9.1 Armour
 - Level 3.6 Shields


You had 5 spell levels left.
You didn't know any spells.
Your spell library was empty.

Dungeon Overview and Level Annotations

Branches:
Dungeon (1/1)

Altars:
Cheibriados
Dithmenos
Elyvilon
Fedhas
Gozag
Hepliaklqana
Kikubaaqudgha
Makhleb
Nemelex Xobeh
Okawaru
Qazlal
Ru
Sif Muna
Trog
Uskayaw
Vehumet
Wu Jian
Xom
Yredelemnul
Zin
The Shining One
Jiyva
Lugonu


Innate Abilities, Weirdness & Mutations

You have a pair of horns on your head.
You reflexively headbutt those who attack you in melee.


Message History

You feel as though you will be slow longer.
You barely miss the wraith.
You headbutt the wraith, but do no damage.
The wraith is almost destroyed.
The wraith hits you.
* * * LOW HITPOINT WARNING * * *
The wraith drains your vigour!
You feel as though you will be slow longer.
The kobold demonologist mumbles some strange words.
The wraith hits you but does no damage.
You hit the wraith but do no damage.
The wraith is severely damaged.
You block the wraith's attack.
You hit the wraith but do no damage. Your headbutt misses the wraith.
The wraith is severely damaged.
The wraith closely misses you. You furiously retaliate!
You headbutt the wraith. You barely miss the wraith.
The wraith is almost destroyed.
The wraith barely misses you.
The kobold demonologist begins to cast a cantrip, but forgets the words!
You puncture the wraith!
You destroy the wraith!
The centaur wields a +0 shortbow.
The centaur shoots an arrow.
The arrow hits you.
* * * LOW HITPOINT WARNING * * *
The centaur shoots an arrow.
You block the arrow.
The two-headed ogre is distracted by your dazzling golden aura.
The kobold demonologist casts a spell.
The two-headed ogre shouts in stereo!
Your Fighting skill increases to level 9!
Your Polearms skill increases to level 11!
Your Armour skill increases to level 9!
You have reached level 6!
The centaur unwields a +0 shortbow.
The centaur hits you.
* * * LOW HITPOINT WARNING * * *
The centaur kicks you but does no damage.
The centaur hits you.
You die...
Your body crumbles into a pile of gold.

▓▓▓▓▓▓▓▓▓▓▓▓▓▓▓▓▓▓▓▓▓▓▓▓
+TOKy5c@..[[[.)?!'______
▓▓▓▓▓▓▓▓▓▓▓▓▓▓▓▓▓▓▓▓▓▓▓▓
$ $$$


$$$$$ $ $ $ $$$$$ $$$$$ You could see a two-headed ogre, a kobold demonologist,
a troll, a centaur, a killer bee and an ufetubus (summoned).

Vanquished Creatures
  A wraith (D)
  A centaur (D)
  2 scorpions (D)
  An iguana (D)
  A gnoll (D)
  A giant cockroach (D)
  3 ball pythons (D)
  A rat (D)
11 creatures vanquished.

Notes
Turn   | Place    | Note
-------+----------+-------------------------------------------
     0 | D        | Heoruswealwe the Minotaur Fighter began the quest for the
                  | Orb.
     0 | D        | Reached XP level 1. HP: 19/19 MP: 0/0
     8 | D        | Reached skill level 3 in Polearms
    20 | D        | Noticed a scorpion
    20 | D        | Noticed a scorpion
    20 | D        | Noticed a centaur
    20 | D        | Noticed an iguana
    34 | D        | Killed an iguana
    35 | D        | Reached skill level 5 in Fighting
    35 | D        | Reached skill level 5 in Polearms
    35 | D        | Reached skill level 5 in Armour
    35 | D        | Reached XP level 2. HP: 18/29 MP: 1/1
    35 | D        | Reached XP level 3. HP: 22/36 MP: 2/2
    38 | D        | Killed a centaur
    39 | D        | Reached skill level 8 in Polearms
    39 | D        | Reached XP level 4. HP: 24/45 MP: 3/3
    52 | D        | Killed a scorpion
    53 | D        | Reached skill level 9 in Polearms
    53 | D        | Reached XP level 5. HP: 24/52 MP: 4/4
    57 | D        | Reached skill level 10 in Polearms
    67 | D        | Found a snail-covered altar of Cheibriados.
    67 | D        | Found a shadowy altar of Dithmenos.
    67 | D        | Found a white marble altar of Elyvilon.
    67 | D        | Found a blossoming altar of Fedhas.
    67 | D        | Found an opulent altar of Gozag.
    68 | D        | Found a hazy altar of Hepliaklqana.
    69 | D        | Found a viscous altar of Jiyva.
    70 | D        | Found an ancient bone altar of Kikubaaqudgha.
    71 | D        | Found a corrupted altar of Lugonu.
    72 | D        | Found a burning altar of Makhleb.
    73 | D        | Found a sparkling altar of Nemelex Xobeh.
    74 | D        | Found an iron altar of Okawaru.
    75 | D        | Became a worshipper of Gozag Ym Sagoz the Greedy
    76 | D        | Found a stormy altar of Qazlal.
    77 | D        | Found a sacrificial altar of Ru.
    78 | D        | Found a shimmering blue altar of Sif Muna.
    79 | D        | Found a bloodstained altar of Trog.
    80 | D        | Found a hide-covered altar of Uskayaw.
    81 | D        | Found a radiant altar of Vehumet.
    82 | D        | Found an ornate altar of the Wu Jian Council.
    83 | D        | Found a shimmering altar of Xom.
    84 | D        | Found a basalt altar of Yredelemnul.
    85 | D        | Found a glowing silver altar of Zin.
    86 | D        | Found a glowing golden altar of the Shining One.
   110 | D        | Noticed a troll
   110 | D        | Noticed a two-headed ogre
   110 | D        | Noticed a kobold demonologist
   110 | D        | Noticed a centaur
   110 | D        | Noticed a wraith
   129 | D        | Killed a wraith
   129 | D        | HP: 2/53 [centaur/arrow (2)]
   130 | D        | Reached skill level 11 in Polearms
   130 | D        | Reached XP level 6. HP: 3/63 MP: 5/5
   130 | D        | Slain by a centaur

Illustrated notes

Levels and vault maps discovered:
D:        linesprint [early_d, line_temple, items_1, d_10, items_2, lair_1,
          lair_end, items_3, orc_1, orc_end, items_4, d_15, swamp_1, shoals_1,
          snake_1, spider_1, d_20, vaults_1, items_5, swamp_end, shoals_end,
          snake_end, spider_end, vaults_end, d_27, items_6, zot_1, zot_end,
          crypt_end, forest_end, elf_end, slime_end, tomb_end, abyss_end,
          pan_hell_end]

Skill      XL: |  1  2  3  4  5 |
---------------+----------------+-----
Polearms       | 5 8 9 11 | 11.9
Fighting       | 5 6 7 9 |  9.1
Armour         | 5 6 7 9 |  9.1
Shields        | |  3.6

Action                     |  1- 3 |  4- 6 || total
---------------------------+-------+-------++-------
  Melee: Trident           |    27 |    37 ||    64
         Headbutt          |     4 |     7 ||    11
 Armour: Scale mail        |    12 |    10 ||    22
  Dodge: Dodged            |    14 |    12 ||    26
  Block: Buckler           |     7 |     6 ||    13
